 Dungeon Crawl Stone Soup version 0.31.0-9-g3a7656b989 (webtiles) character file.

Game seed: 4647747942268055510

70 qw the Shooter (level 4, -3/22 HPs)
             Began as a Spriggan Hunter on Feb 2, 2024.
             Incinerated by a bombardier beetle (7 damage)
             ... with a burning spray
             ... on level 3 of the Dungeon.
             The game lasted 00:00:05 (1664 turns).

qw the Shooter (Spriggan Hunter)                    Turns: 1664, Time: 00:00:05

Health: -3/22      AC:  2    Str:  7    XL:     4   Next: 3%
Magic:  5/5        EV: 19    Int: 10    God:
Gold:   112        SH:  0    Dex: 20    Spells: 3/3 levels left

rFire   . . .        a - +0 shortbow (chaos)
rCold   . . .        (shield currently unavailable)
rNeg    . . .        c - +0 robe
rPois   .            (helmet restricted)
rElec   .            (no cloak)
rCorr   .            (gloves unavailable)
SInv    +            (boots unavailable)
Will    .....        j - amulet of regeneration
Stlth   +            (no ring)
HPRegen 1.03/turn    (no ring)
MPRegen 0.09/turn

%: no passive effects
@: on fire, glowing, very quick
A: very small, no large weapons, unfitting armour, see invisible, speed 3
a: no special abilities


You were on level 3 of the Dungeon.
You visited 1 branch of the dungeon, and saw 3 of its levels.

You collected 112 gold pieces.


Innate Abilities, Weirdness & Mutations

You are very small and have problems with some larger weapons.
You are too small for most types of armour.
You have supernaturally acute eyesight. (SInv)
You cover ground extremely quickly. (Speed+++)


   Skills:
 - Level 1.5 Fighting
 - Level 5.0 Ranged Weapons
 + Level 4.3 Dodging
 - Level 1.5 Stealth


You had 3 spell levels left.
You didn't know any spells.
Your spell library was empty.

Inventory:

Hand Weapons
 a - a +0 shortbow of chaos (weapon)
Armour
 c - a +0 robe (worn)
Jewellery
 j - an amulet of regeneration (around neck)
Potions
 b - a potion of haste {unknown}

Dungeon Overview and Level Annotations

Branches:
Dungeon (3/15)

Altars:


Message History

Enter note:
Found 2 stones.
You see here a staff of earth.
A bombardier beetle comes into view.
The bombardier beetle moves out of view.
You shoot an arrow.
The arrow hits the bombardier beetle but does no damage.
You shoot an arrow.
The arrow hits the bombardier beetle but does no damage.
You shoot an arrow.
The arrow hits the bombardier beetle but does no damage.
The bombardier beetle sprays incendiary fluid at you.
The burning spray hits you.
You are covered in liquid fire!
You shoot an arrow.
The arrow closely misses the bombardier beetle.
The liquid fire burns you!
The bombardier beetle completely misses you.
You shoot an arrow.
The arrow hits the bombardier beetle but does no damage.
The liquid fire burns you!
You shoot an arrow. The arrow hits the bombardier beetle.
The your shortbow of chaos misses the bombardier beetle.
The bombardier beetle is moderately wounded.
The liquid fire burns you! The bombardier beetle bites you.
You shoot an arrow. The arrow hits the bombardier beetle!
The arrow freezes the bombardier beetle.
The bombardier beetle is severely wounded.
The liquid fire burns you! The bombardier beetle misses you.
You shoot an arrow.
The arrow hits the bombardier beetle but does no damage.
The bombardier beetle is severely wounded.
The liquid fire burns you!
You shoot an arrow.
The arrow hits the bombardier beetle but does no damage.
The bombardier beetle is severely wounded.
The liquid fire burns you!
You die...

##########
#.........
#..B...... #.@###
##....###
#.......###
#.###.....# #.
##.....#####
#.##....####..###
#.....####....%.###
#...####.)..##....##
#..........#........


You could see a bombardier beetle.

Vanquished Creatures
  2 adders (D:2)
  2 ribbon worms (D:2)
  An orc (D:3)
  7 endoplasms
  2 giant cockroaches
  4 goblins
  4 hobgoblins
  A quokka (D:3)
  3 ball pythons
  3 bats
  4 frilled lizards
  6 kobolds
  4 rats
43 creatures vanquished.

Notes
Turn   | Place    | Note
-------+----------+-------------------------------------------
     0 | D:1      | qw the Spriggan Hunter began the quest for the Orb.
     0 | D:1      | Reached XP level 1. HP: 10/10 MP: 2/2
     0 | D:1      | 0 ||| qw: Version: 0.3-a-155-g5e7d8dd
     0 | D:1      | 0 ||| qw: Game counter: 2792
     0 | D:1      | 0 ||| qw: Melee chars always use a shield: true
     0 | D:1      | 0 ||| qw: God list: Okawaru
     0 | D:1      | 0 ||| qw: Allow faded altars: false
     0 | D:1      | 0 ||| qw: Do Orc after clearing Dungeon:15 true
     0 | D:1      | 0 ||| qw: Do second Lair branch before Depths: true
     0 | D:1      | 0 ||| qw: Lair rune preference: random
     0 | D:1      | 0 ||| qw: Goals: Normal
     0 | D:1      | 0 ||| PLANNING D:1-11
     2 | D:1      | Noticed a ghoul
     2 | D:1      | Noticed a troll
     4 | D:1      | Noticed a merfolk
     6 | D:1      | Noticed an octopode
     6 | D:1      | Noticed a vampire
     8 | D:1      | Noticed a draconian
     8 | D:1      | Noticed a djinni
    10 | D:1      | Noticed a demigod
    12 | D:1      | Noticed a minotaur
    12 | D:1      | Noticed a tengu
    14 | D:1      | Noticed a felid
    14 | D:1      | Noticed a human
    16 | D:1      | Noticed a vine stalker
    16 | D:1      | Noticed an armataur
    18 | D:1      | Noticed a spriggan
    18 | D:1      | Noticed a gargoyle
    20 | D:1      | Noticed a naga
    20 | D:1      | Noticed a formicid
    22 | D:1      | Noticed a barachi
    24 | D:1      | Noticed an elf
    26 | D:1      | Noticed an oni
    26 | D:1      | Noticed a demonspawn
    50 | D:1      | Reached skill level 3 in Dodging
   221 | D:1      | Reached XP level 2. HP: 14/14 MP: 3/3
   578 | D:1      | 578 ||| READING 2 scrolls labelled PUMUDOJUOF.
   578 | D:1      | 578 ||| IDENTIFYING scroll labelled GAAKEMN GEVIP
   579 | D:1      | 579 ||| DROPPING scroll of butterflies.
   580 | D:1      | 580 ||| DROPPING scroll of revelation.
   750 | D:2      | Reached XP level 3. HP: 18/18 MP: 4/4
  1063 | D:2      | Found a faded altar of an unknown god.
  1237 | D:2      | Reached skill level 5 in Ranged Weapons
  1367 | D:2      | 1367 ||| UPGRADING to amulet of regeneration.
  1372 | D:2      | 1372 ||| READING scroll of identify.
  1372 | D:2      | 1372 ||| IDENTIFYING fizzy grey potion
  1373 | D:2      | 1373 ||| READING scroll labelled ICLEAT FAOMYEF.
  1374 | D:2      | 1374 ||| READING scroll labelled BUYBLE SORI.
  1382 | D:2      | 1382 ||| READING scroll labelled WUWITT BOTITHRE.
  1483 | D:2      | 1483 ||| READING scroll labelled HIOBOSM FURO.
  1483 | D:2      | 1483 ||| BRANDING +0 shortbow.
  1484 | D:2      | 1484 ||| READING scroll labelled ZUERICSE XARO.
  1485 | D:2      | 1485 ||| DROPPING potion of degeneration.
  1620 | D:3      | Reached XP level 4. HP: 22/22 MP: 5/5
  1662 | D:3      | HP: 5/22 [burnt (5)]
  1664 | D:3      | Incinerated by a bombardier beetle

Levels and vault maps discovered:
D:1:      kb_arrival_jail, layout_rooms, kennysheep_minor_cross,
          amethyst_killhole
D:2:      layout_loops_ring, basic_ecumenical_altar
D:3:      layout_rooms, minmay_misc_feat_x, minmay_misc_feat_room, uniq_natasha

Skill      XL: |  1  2  3 |
---------------+----------+-----
Dodging        | 3 4 |  4.3
Ranged Weapons | 5 |  5.0
Fighting       | |  1.5
Stealth        | |  1.5

Action                     |  1- 3 |  4- 6 || total
---------------------------+-------+-------++-------
   Fire: Shortbow          |   111 |    11 ||   122
    Use: Scroll            |     7 |       ||     7
 Armour: Robe              |     9 |     1 ||    10
  Dodge: Dodged            |    33 |     2 ||    35

Table legend:
 A = Non-vault XP
 B = Vault XP
 C = Vault XP percentage of total XP
 D = Non-vault monster count
 E = Vault monster count
 F = Vault count percentage of total count
                 A         B        C        D         E       F
            +---------+---------+-------+---------+---------+-------
      Total |     100 |       0 |   0.0 |      43 |       0 |   0.0
            +---------+---------+-------+---------+---------+-------
        D:1 |      21 |       0 |   0.0 |      15 |       0 |   0.0
        D:2 |      69 |       0 |   0.0 |      23 |       0 |   0.0
        D:3 |      10 |       0 |   0.0 |       5 |       0 |   0.0
            +---------+---------+-------+---------+---------+-------
